 Dungeon Crawl Stone Soup version 0.29.1-15-g9cfb28693d (webtiles) character file.

Game seed: 12796713526142335840

561 Eryximachus the Caller (level 7, 0/41 HPs)
             Began as an Octopode Hedge Wizard on Mar 17, 2023.
             Slain by Prince Ribbit (2 damage)
             ... on level 6 of the Dungeon on Mar 18, 2023.
             The game lasted 00:18:24 (8259 turns).

Eryximachus the Caller (Octopode Hedge Wizard)      Turns: 8259, Time: 00:18:25

Health: 0/41       AC:  1    Str:  9    XL:     7   Next: 31%
Magic:  13/13      EV: 12    Int: 19    God:
Gold:   148        SH:  3    Dex: 11    Spells: 6/14 levels left

rFire   . . .      SeeInvis .   h - +2 dagger (venom)
rCold   . . .      Faith    .   p - +0 buckler
rNeg    . . .      Spirit   .   b - +0 hat
rPois   .          Reflect  .   (no amulet)
rElec   .          Harm     .   (no ring)
rCorr   .          Rampage  .   (no ring)
Will    .....                   (no ring)
Stlth   +++.......              (no ring)
HPRegen 0.13/turn               (no ring)
MPRegen 0.13/turn               (no ring)
                                (no ring)
                                (no ring)

@: no status effects
A: almost no armour, amphibious, 8 rings, camouflage 1, gelatinous body 1,
(nimble swimmer 1), tentacles
a: no special abilities


You were on level 6 of the Dungeon.
You visited 1 branch of the dungeon, and saw 6 of its levels.

You collected 148 gold pieces.


Innate Abilities, Weirdness & Mutations

You cannot wear most types of armour.
You are amphibious.
You can wear up to eight rings at the same time.
Your skin changes colour to match your surroundings (Stealth+).
Your rubbery body absorbs attacks. (AC +1, EV +1)
((You are camouflaged when in or above water. (Stealth+)))
You have tentacles for arms and can constrict up to eight enemies at once.


   Skills:
 - Level 2.0 Dodging
 - Level 3.0 Stealth
 + Level 4.3 Spellcasting
 - Level 3.0 Conjurations
 * Level 4.8 Summonings
 + Level 3.5 Translocations


You had 6 spell levels left.
You knew the following spells:

 Your Spells              Type           Power      Damage    Failure   Level
c - Call Imp              Summ           22%        N/A       3%          2
d - Mephitic Cloud        Conj/Pois/Air  7%         N/A       36%         3
m - Magic Dart            Conj           60%        1d6       5%          1
B - Blink                 Tloc           34%        N/A       7%          2

Your spell library contained the following spells:

 Spells                   Type           Power      Damage    Failure   Level
 Slow                     Hex            16%        N/A       19%         1
 Conjure Flame            Conj/Fire      9%         6-21      30%         3

Inventory:

Hand Weapons
 h - a +2 dagger of venom (weapon)
Missiles
 e - 47 stones
 q - 4 curare-tipped darts {=f}
Armour
 b - a +0 hat (worn)
 p - a +0 buckler (worn)
Jewellery
 v - a ring of see invisible
 P - a ring of poison resistance
Scrolls
 a - a scroll of amnesia {unknown}
 f - 2 scrolls of blinking
 g - a scroll of identify {@r1}
 k - 3 scrolls of teleportation {@r2}
 m - a scroll of poison {unknown}
 o - a scroll of silence {unknown}
 t - a scroll of noise {unknown}
 w - a scroll of fog {unknown}
 x - a scroll of acquirement {unknown}
Potions
 c - a potion of magic
 d - 4 potions of curing {@q1}
 i - 3 potions of brilliance
 j - 3 potions of resistance
 l - a potion of might
 n - a potion of lignification
 r - a potion of attraction
 s - a potion of heal wounds {unknown}
 u - 2 potions of haste {@q3}

Dungeon Overview and Level Annotations

Branches:
Dungeon (6/15)
 Temple: D:4-7

Altars:
Ashenzari
Dithmenos
Kikubaaqudgha

Annotations:
D:6 Prince Ribbit

#........# #####...o.)..
#........# #......######
#........# #...▒.▒#.#
#........# #...▒▒▒.▒#.F.#
#............
..▒▒▒...▒▒##...#
#######...##. ▒▒▒.oo░..▒ ##.#
#### ▒▒▒▒▒...░░░░.▒▒ #
▒▒▒.'F..░░░ ░..▒ ▒▒▒...▒▒@░░
░░.▒▒ ▒▒▒...░..▒..░ ░..▒
##▒▒▒...░░░░.▒▒.░░ ░░.▒▒
###.....░░░..░..▒..+ ░░░...▒
....▒▒.░░....░░.▒▒.░░░░...▒+▒
#####▒..░.....░..▒..░...▒▒▒ #
▒▒.░░....░░.▒▒...▒▒▒ #
▒..░..░'░...▒.▒▒▒ #
▒▒.░░░░...▒▒▒▒▒


You could see Prince Ribbit and 2 orcs.


Message History

Your grab misses the orc wizard. Your squeeze misses the orc wizard.
The orc wizard is heavily wounded.
The orc wizard gestures at you while chanting.
The puff of flame hits you!
You hit the orc wizard but do no damage.
The orc wizard looks as sick as possible!
Your grab misses the orc wizard. Your squeeze misses the orc wizard.
The orc wizard is heavily wounded.
An orc comes into view. It is wielding a +0 mace.
You block the orc wizard's attack.
You closely miss the orc wizard.
The orc shouts!
You grab the orc wizard. You squeeze the orc wizard.
The orc wizard is almost dead.
You constrict the orc wizard.
You kill the orc wizard!
You hear a shout!
An orc comes into view. It is wielding a +0 whip.
You start resting.
Prince Ribbit comes into view.
Prince Ribbit attacks as you move away! Prince Ribbit closely misses you.
Prince Ribbit attacks as you move away! You block Prince Ribbit's attack.
Prince Ribbit hits you.
Prince Ribbit blinks!
Prince Ribbit hits you!
* * * LOW HITPOINT WARNING * * *
Prince Ribbit hits you!
* * * LOW HITPOINT WARNING * * *
Prince Ribbit hits you.
You die...

Skill      XL: |  1  2  3  4  5  6 |
---------------+-------------------+-----
Stealth        | 3 |  3.0
Summonings     | 2 3 4 |  4.8
Conjurations   | 2 3 |  3.0
Translocations | 2 3 |  3.5
Spellcasting   | 4 |  4.3
Dodging        | |  2.0

Action                   |  1- 3 |  4- 6 |  7- 9 || total
-------------------------+-------+-------+-------++-------
Melee: Dagger            |    73 |    45 |     6 ||   124
       Constrict         |    16 |     9 |     1 ||    26
       Tentacles         |     7 |    12 |     2 ||    21
       Punch             |     1 |     1 |       ||     2
 Cast: Magic Dart        |    44 |    28 |       ||    72
       Call Imp          |       |     7 |       ||     7
  Use: Scroll            |       |     8 |       ||     8
 Stab: Sleeping          |    15 |     3 |       ||    18
Armor: Skin              |     2 |     2 |     1 ||     5
Dodge: Dodged            |    37 |    25 |     1 ||    63
Block: Buckler           |       |     3 |     3 ||     6

Levels and vault maps discovered:
D:1:      psy_arrival_radial02, layout_basic, minmay_pentomino_z4
D:2:      layout_basic
D:3:      layout_basic, nicolae_ecumenical_oubliette
D:4:      layout_basic, uniq_duvessa
D:5:      layout_basic
D:6:      minmay_skewed_foursquare, layout_basic, grunt_temple_overflow_open,
          mainiacjoe_overflow_paths, uniq_edmund, uniq_prince_ribbit1

Notes
Turn   | Place    | Note
-------+----------+-------------------------------------------
     0 | D:1      | Eryximachus the Octopode Hedge Wizard began the quest for
                  | the Orb.
     0 | D:1      | Reached XP level 1. HP: 11/11 MP: 4/4
   215 | D:1      | Reached XP level 2. HP: 17/17 MP: 1/6
   946 | D:1      | Reached skill level 3 in Stealth
  1816 | D:1      | Reached XP level 3. HP: 21/21 MP: 7/7
  2558 | D:2      | Reached skill level 2 in Summonings
  3320 | D:3      | Found a faded altar of an unknown god.
  3743 | D:3      | Reached XP level 4. HP: 27/27 MP: 1/8
  5059 | D:4      | You fall into a shaft and drop 1 floor!
  5059 | D:5      | Entered Level 5 of the Dungeon
  5076 | D:5      | Reached skill level 2 in Conjurations
  5076 | D:5      | Reached skill level 2 in Translocations
  5320 | D:5      | Learned a level 2 spell: Call Imp
  5323 | D:5      | Learned a level 2 spell: Blink
  5327 | D:5      | Learned a level 3 spell: Mephitic Cloud
  5342 | D:5      | Reached skill level 3 in Summonings
  5342 | D:5      | Reached XP level 5. HP: 31/31 MP: 3/10
  6606 | D:5      | Reached XP level 6. HP: 14/36 MP: 11/11
  6988 | D:6      | Identified 3 potions of resistance
  7010 | D:6      | Found a broken altar of Ashenzari.
  7010 | D:6      | Found an ancient bone altar of Kikubaaqudgha.
  7010 | D:6      | Found a shadowy altar of Dithmenos.
  7593 | D:6      | Reached skill level 4 in Spellcasting
  7593 | D:6      | Reached skill level 4 in Summonings
  7670 | D:6      | Noticed a sky beast
  7699 | D:6      | Reached skill level 3 in Conjurations
  7699 | D:6      | Reached skill level 3 in Translocations
  7699 | D:6      | Reached XP level 7. HP: 21/41 MP: 13/13
  8247 | D:6      | Noticed Prince Ribbit
  8258 | D:6      | HP: 2/41 [Prince Ribbit (17)]
  8259 | D:6      | Slain by Prince Ribbit

Vanquished Creatures
  A bullfrog (D:6)
  A jelly (D:5)
  3 hounds
  3 iguanas (D:5)
  An orc wizard (D:6)
  2 gnolls (D:3)
  A shadow imp (D:6)
  A white imp (D:6)
  A dart slug (D:5)
  6 ball pythons
  An endoplasm (D:1)
  2 giant cockroaches (D:1)
  3 hobgoblins
  3 jackals
  9 kobolds
  2 quokkas
  5 bats
  6 frilled lizards
  9 goblins
  3 rats
63 creatures vanquished.

Vanquished Creatures (collateral kills)
  A sky beast (D:6)
  An ogre (D:6)
  A white imp (D:6)
3 creatures vanquished.

Grand Total: 66 creatures vanquished

Table legend: (Time is in decaauts)
 A = Elapsed time spent in this place.
 B = Non-inter-level travel time spent in this place.
 C = Inter-level travel time spent in this place.
 D = Time resting spent in this place.
 E = Time spent auto-exploring this place.
 F = Levels seen in this place.
 G = Mean time per level.
                   A        B        C        D        E       F      G
               +--------+--------+--------+--------+--------+-----+--------+
         Total |   8263 |   7683 |    580 |   3885 |   2971 |   6 | 1377.2 |
       Dungeon |   8263 |   7683 |    580 |   3885 |   2971 |   6 | 1377.2 |
               +--------+--------+--------+--------+--------+-----+--------+

Top non-repeatable levels by time:
     D:2: 2099 daAuts
     D:1: 1980 daAuts
     D:5: 1942 daAuts
     D:6: 1259 daAuts
     D:3: 981 daAuts

Table legend:
 A = Non-vault XP
 B = Vault XP
 C = Vault XP percentage of total XP
 D = Non-vault monster count
 E = Vault monster count
 F = Vault count percentage of total count
                 A         B        C        D         E       F
            +---------+---------+-------+---------+---------+-------
      Total |     610 |     192 |  23.9 |      58 |       8 |  12.1
            +---------+---------+-------+---------+---------+-------
        D:1 |      30 |       6 |  16.7 |      21 |       4 |  16.0
        D:2 |      29 |       0 |   0.0 |      18 |       0 |   0.0
        D:3 |      37 |       0 |   0.0 |       7 |       0 |   0.0
        D:5 |     252 |       0 |   0.0 |       8 |       0 |   0.0
        D:6 |     262 |     186 |  41.5 |       4 |       4 |  50.0
            +---------+---------+-------+---------+---------+-------
